 Dungeon Sprint DCSS version 0.30-a0-172-gc5509c9e31 (webtiles) character file.

Game seed: 17610459842426737625

1085 mhtbhm the Geomancer (level 8, -1/44 HPs)
             Began as a Gargoyle Earth Elementalist on Oct 1, 2022.
             Was a Believer of Vehumet.
             Slain by a shadow (4 damage)
             ... in the Dungeon (Sprint IX: "|||||||||||||||||||||||||||||").
             The game lasted 00:02:10 (625 turns).

mhtbhm the Geomancer (Gargoyle Earth Elementalist)   Turns: 625, Time: 00:02:10

Health: -1/44      AC: 10    Str: 12    XL:     8   Next: 30%
Magic:  17/21      EV: 13    Int: 21    God:    Vehumet [**....]
Gold:   0          SH:  0    Dex: 10    Spells: 16/26 levels left

rFire   . . .      SeeInvis .    j - +2 morningstar (protect)
rCold   . . .      Faith    .    (no shield)
rNeg    + . .      Spirit   .    a - +0 robe
rPois   ∞          Reflect  .    (no helmet)
rElec   +          Harm     .    k - +0 cloak
rCorr   .          Rampage  .    (no gloves)
Will    .....      NoTele   +    (no boots)
Stlth   +++.......               (no amulet)
HPRegen 0.27/turn                l - +2 ring of protection
MPRegen 0.17/turn                m - +3 ring of intelligence

@: no status effects
A: sickness immunity, AC +5, negative energy resistance 1, electricity
resistance, torment resistance 1, petrification resistance, talons 1
a: Renounce Religion


You were in the Dungeon.
You worshipped Vehumet.
Vehumet was pleased with you.
You visited 1 branch

Inventory:

Hand Weapons
 j - a +2 morningstar of protection (weapon)
Missiles
 n - 6 poisoned darts (quivered)
Armour
 a - a +0 robe (worn)
 k - a +0 cloak (worn)
Jewellery
 l - a +2 ring of protection (left hand)
 m - a +3 ring of intelligence (right hand)
Wands
 i - a wand of iceblast (9)
Scrolls
 g - 2 scrolls of blinking
 h - 2 scrolls of amnesia
Potions
 b - 3 potions of magic
 c - 5 potions of curing
 d - a potion of invisibility
 e - a potion of haste
 f - 2 potions of heal wounds


   Skills:
 + Level 2.3 Fighting
 + Level 1.0 Maces & Flails
 + Level 6.0 Dodging
 + Level 4.7 Stealth
 + Level 3.7 Unarmed Combat
 + Level 9.7 Spellcasting
 + Level 0.5 Conjurations
 + Level 0.7 Transmutations
 + Level 13.6 Earth Magic
 + Level 0.4 Evocations


You had 16 spell levels left.
You knew the following spells:

 Your Spells              Type           Power      Damage    Failure   Level
a - Sandblast             Erth           100%       2d20      1%          1
b - Passwall              Tmut/Erth      33%        N/A       1%          2
c - Stone Arrow           Conj/Erth      80%        3d12      1%          3
d - Petrify               Tmut/Erth      40%        N/A       3%          4

Your spell library contained the following spells:

 Spells                   Type           Power      Damage    Failure   Level
 Kiss of Death            Conj/Necr      44%        2d8       6%          1


Dungeon Overview and Level Annotations

Branches:
Dungeon (1/1)

Altars:
Cheibriados
Dithmenos
Elyvilon
Fedhas
Gozag
Hepliaklqana
Kikubaaqudgha
Makhleb
Nemelex Xobeh
Okawaru
Qazlal
Ru
Sif Muna
Trog
Uskayaw
Vehumet
Wu Jian
Xom
Yredelemnul
Zin
The Shining One
Jiyva
Lugonu


Innate Abilities, Weirdness & Mutations

You are immune to sickness and miasma.
Your stone body is resilient. (AC +5)
You are immune to poison.
You resist negative energy. (rN+)
You are resistant to electric shocks. (rElec)
You are resistant to unholy torment.
You are immune to petrification.
You have sharp toenails.


Message History

Vehumet accepts your kill.
Vehumet offers you knowledge of Kiss of Death.
You feel your power returning.
Your Maces & Flails skill increases to level 1!
Your Dodging skill increases to level 6!
Unknown command.
Casting: Sandblast (safe; 1% risk of failure)
Confirm with . or Enter, or press ? or * to list all spells.
Aiming: Sandblast (safe; 1% risk of failure)
Press: ? - help, Shift-Dir - straight line, f/p - shadow
Aim: a shadow (85% to hit)
The blast of sand hits the shadow.
The shadow is moderately damaged.
The shadow slips into darkness.
The shadow flickers and vanishes!
Deactivating autopickup; reactivate with Ctrl-A.
The shadow strikes at you from the darkness!
Reactivating autopickup.
Unknown command.
Casting: Sandblast (safe; 1% risk of failure)
Confirm with . or Enter, or press ? or * to list all spells.
Aiming: Sandblast (safe; 1% risk of failure)
Press: ? - help, Shift-Dir - straight line, f/p - shadow
Aim: a shadow (moderately damaged, 85% to hit)
The blast of sand hits the shadow but does no damage.
The shadow is moderately damaged.
The shadow slips into darkness.
The shadow flickers and vanishes!
Deactivating autopickup; reactivate with Ctrl-A.
Unknown command.
Casting: Sandblast (safe; 1% risk of failure)
Confirm with . or Enter, or press ? or * to list all spells.
Aiming: Sandblast (safe; 1% risk of failure)
Press: ? - help, Shift-Dir - straight line The blast of sand hits something!
The shadow strikes at you from the darkness!
* * * LOW HITPOINT WARNING * * *
Reactivating autopickup.
The shadow hits you.
You die...

▓.▓
▓.▓
▓c▓
▓c▓
▓u▓
▓C▓
▓W▓
▓@▓
▓.▓
▓.▓
▓.▓
▓.▓
▓)▓
▓)▓
▓.▓
▓.▓


You could see a brown ugly thing, 2 centaur warriors, a cyclops and a shadow.

Vanquished Creatures
  An unseen horror (D)
  A kobold demonologist (D)
  A vampire mosquito (D)
  An acid dragon (D)
  A black bear (D)
  A centaur (D)
  A kobold brigand (D)
  A hound (D)
  An orc priest (D)
  An orc wizard (D)
  An adder (D)
  An orc (D)
  A bat (D)
  A hobgoblin (D)
  A quokka (D)
  A ball python (D)
  A kobold (D)
17 creatures vanquished.

Notes
Turn   | Place    | Note
-------+----------+-------------------------------------------
     0 | D        | mhtbhm the Gargoyle Earth Elementalist began the quest for
                  | the Orb.
     0 | D        | Reached XP level 1. HP: 10/10 MP: 3/3
     6 | D        | Reached skill level 4 in Earth Magic
    91 | D        | Noticed a hound
    91 | D        | Noticed a black bear
    91 | D        | Noticed an orc priest
    95 | D        | Reached XP level 2. HP: 15/15 MP: 2/5
    97 | D        | Reached skill level 6 in Earth Magic
    97 | D        | Reached XP level 3. HP: 18/19 MP: 0/8
   103 | D        | Killed a black bear
   104 | D        | Reached skill level 1 in Unarmed Combat
   104 | D        | Reached skill level 5 in Spellcasting
   104 | D        | Reached skill level 8 in Earth Magic
   104 | D        | Reached XP level 4. HP: 8/24 MP: 3/11
   104 | D        | Reached XP level 5. HP: 9/28 MP: 3/12
   106 | D        | Reached skill level 9 in Earth Magic
   296 | D        | Found a snail-covered altar of Cheibriados.
   296 | D        | Found a shadowy altar of Dithmenos.
   296 | D        | Found a white marble altar of Elyvilon.
   296 | D        | Found a blossoming altar of Fedhas.
   296 | D        | Found an opulent altar of Gozag.
   297 | D        | Found a hazy altar of Hepliaklqana.
   298 | D        | Found a viscous altar of Jiyva.
   299 | D        | Found an ancient bone altar of Kikubaaqudgha.
   300 | D        | Found a corrupted altar of Lugonu.
   301 | D        | Found a burning altar of Makhleb.
   302 | D        | Found a sparkling altar of Nemelex Xobeh.
   303 | D        | Found an iron altar of Okawaru.
   304 | D        | Found a stormy altar of Qazlal.
   305 | D        | Found a sacrificial altar of Ru.
   306 | D        | Found a shimmering blue altar of Sif Muna.
   307 | D        | Found a bloodstained altar of Trog.
   308 | D        | Found a hide-covered altar of Uskayaw.
   309 | D        | Found a radiant altar of Vehumet.
   310 | D        | Found an ornate altar of the Wu Jian Council.
   311 | D        | Found a shimmering altar of Xom.
   312 | D        | Found a basalt altar of Yredelemnul.
   313 | D        | Found a glowing silver altar of Zin.
   314 | D        | Found a glowing golden altar of the Shining One.
   317 | D        | Became a worshipper of Vehumet
   321 | D        | Learned a level 2 spell: Passwall
   325 | D        | Learned a level 3 spell: Stone Arrow
   330 | D        | Learned a level 4 spell: Petrify
   361 | D        | Noticed a kobold brigand
   361 | D        | Noticed a kobold demonologist
   361 | D        | Noticed a centaur
   361 | D        | Noticed an acid dragon
   364 | D        | Killed an acid dragon
   365 | D        | Reached skill level 10 in Earth Magic
   365 | D        | Reached XP level 6. HP: 28/33 MP: 6/15
   365 | D        | Noticed a neqoxec
   367 | D        | Killed an unseen horror
   367 | D        | Reached * piety under Vehumet
   367 | D        | Offered knowledge of Foxfire by Vehumet.
   367 | D        | Gained mutation: You have sharp toenails. [a neqoxec]
   368 | D        | Reached skill level 1 in Fighting
   368 | D        | Reached skill level 5 in Dodging
   368 | D        | Reached skill level 12 in Earth Magic
   368 | D        | Reached XP level 7. HP: 33/38 MP: 4/18
   376 | D        | Noticed a rust devil
   378 | D        | Killed a kobold demonologist
   379 | D        | Reached skill level 13 in Earth Magic
   379 | D        | Reached XP level 8. HP: 13/44 MP: 19/21
   380 | D        | Reached ** piety under Vehumet
   619 | D        | Noticed a centaur warrior
   619 | D        | Noticed a centaur warrior
   619 | D        | Noticed a brown ugly thing
   619 | D        | Noticed a cyclops
   619 | D        | Noticed a shadow
   622 | D        | Offered knowledge of Kiss of Death by Vehumet.
   623 | D        | Reached skill level 1 in Maces & Flails
   625 | D        | Slain by a shadow

Illustrated notes

Levels and vault maps discovered:
D:        linesprint [early_d, line_temple, items_1, d_10, items_2, lair_1,
          lair_end, items_3, orc_1, orc_end, items_4, d_15, swamp_1, shoals_1,
          snake_1, spider_1, d_20, vaults_1, items_5, swamp_end, shoals_end,
          snake_end, spider_end, vaults_end, d_27, items_6, zot_1, zot_end,
          crypt_end, forest_end, elf_end, slime_end, tomb_end, abyss_end,
          pan_hell_end]

Skill      XL: |  1  2  3  4  5  6  7  8 |
---------------+-------------------------+-----
Earth Magic    | 4 6 8 10 12 13 | 13.6
Dodging        | 2 3 4 5 6 |  6.0
Stealth        | 3 4 |  4.7
Spellcasting   | 3 5 6 8 9 |  9.7
Unarmed Combat | 1 2 3 |  3.7
Fighting       | 1 2 |  2.3
Maces & Flails | 1 |  1.0
Conjurations   | |  0.5
Transmutations | |  0.7
Evocations     | |  0.4

Action                   |  1- 3 |  4- 6 |  7- 9 || total
-------------------------+-------+-------+-------++-------
Melee: Unarmed           |    20 |       |       ||    20
       Morningstar       |       |       |     1 ||     1
 Cast: Sandblast         |    14 |     6 |    16 ||    36
       Stone Arrow       |       |     2 |       ||     2
Evoke: Wand              |       |       |     1 ||     1
  Use: Potion            |     3 |       |     1 ||     4
Armor: Robe              |    21 |     4 |       ||    25
Dodge: Dodged            |    32 |     6 |     7 ||    45

Table legend: (Time is in decaauts)
 A = Elapsed time spent in this place.
 B = Non-inter-level travel time spent in this place.
 C = Inter-level travel time spent in this place.
 D = Time resting spent in this place.
 E = Time spent auto-exploring this place.
 F = Levels seen in this place.
 G = Mean time per level.
                   A        B        C        D        E       F      G
               +--------+--------+--------+--------+--------+-----+--------+
         Total |    652 |    652 |      0 |    449 |      3 |   1 |  652.0 |
       Dungeon |    652 |    652 |      0 |    449 |      3 |   1 |  652.0 |
               +--------+--------+--------+--------+--------+-----+--------+

Top non-repeatable levels by time:
       D: 652 daAuts
